Map: [ESL] Hardwire

Players

Dark - Winner!

  • Race: Zerg Zerg

ShoWTimE

  • Race: Protoss Protoss

Event: IEM Katowice 2022

VOD

Have the link to the VOD?

Description

Time

  • Played on: Feb. 24, 2022, 2:40 p.m.
  • Length: 20:19

All games in this series

Show
View Real Time Build Order
Export as new Build Order

Dark Zerg - Winner!

Build Orders: Hatch First 

Get SALT Encoding   

  12  0:00  Drone  
  13  0:12  Overlord  
  13  0:17  Drone  
  14  0:30  Drone  
  14  0:31  Drone  
  16  0:43  Drone  
  17  0:51  Hatchery  
  17  0:54  Drone  
  17  1:02  Drone  
  18  1:08  Extractor  
  17  1:17  Drone, Spawning Pool  
  17  1:20  Drone  
  18  1:29  Drone  
  19  1:40  Drone  
  20  1:48  Hatchery  
  20  1:50  Drone  
  20  2:03  Zergling x2  
  20  2:06  Queen  
  23  2:10  Metabolic Boost  
  23  2:14  Drone  
  24  2:17  Drone  
  25  2:25  Overlord  
  25  2:27  Drone  
  26  2:30  Drone  
  27  2:40  Drone  
  27  2:42  Queen  
  30  2:47  Drone x2  
  30  2:48  Drone  
  33  2:54  Queen  
  35  3:00  Drone  
  35  3:03  Queen  
  38  3:06  Drone  
  38  3:09  Drone x2  
  38  3:11  Drone  
  42  3:15  Overlord  
  42  3:23  Overlord  
  42  3:24  Overlord  
  42  3:33  Queen  
  45  3:34  Drone x4  
  48  3:43  Drone, Zergling x4  
  48  3:45  Spore Crawler  
  48  3:46  Spore Crawler  
  49  3:50  Drone x2  
  49  3:51  Drone  
  49  3:52  Drone  
  49  3:54  Drone  
  54  3:56  Drone  
  55  4:02  Drone  
  55  4:03  Drone x2  
  55  4:04  Overlord  
  55  4:09  Overlord  
  57  4:14  Overlord  
  57  4:16  Extractor  
  56  4:19  Drone, Overlord  
  56  4:21  Spore Crawler  
  56  4:22  Drone x2  
  56  4:23  Drone x3  
  61  4:26  Lair  
  61  4:27  Drone  
  61  4:31  Queen  
  64  4:33  Drone x2  
  64  4:34  Drone  
  67  4:39  Drone  
  67  4:40  Drone  
  67  4:41  Drone x3  
  67  4:42  Drone  
  67  4:44  Drone  
  74  4:53  Drone x3  
  74  4:54  Roach Warren, Evolution Chamber, Zergling x4  
  74  4:57  Extractor  
  74  4:58  Extractor  
  75  5:03  Hatchery  
  75  5:04  Drone  
  75  5:05  Drone  
  75  5:06  Drone x2  
  78  5:13  Queen  
  78  5:14  Queen  
  80  5:16  Drone  
  80  5:17  Drone x2  
  80  5:18  Drone x2  
  87  5:22  Drone x2  
  87  5:24  Overlord, Extractor  
  87  5:25  Extractor  
  87  5:28  Zerg Missile Weapons Level 1  
  86  5:30  Drone  
  86  5:32  Infestation Pit  
  86  5:35  Drone  
  87  5:36  Queen  
  87  5:42  Overlord x3  
  89  5:46  Roach x2  
  89  5:47  Roach  
  95  5:56  Queen  
  97  6:00  Queen  
  97  6:01  Drone x6  
  97  6:02  Drone x2  
  107  6:09  Evolution Chamber  
  107  6:10  Pathogen Glands, Evolution Chamber, Glial Reconstitution  
  104  6:15  Queen  
  104  6:16  Drone  
  108  6:19  Hive  
  108  6:23  Drone  
  108  6:24  Drone x3  
  110  6:27  Drone x2, Baneling Nest  
  110  6:28  Drone x2  
  113  6:33  Extractor  
  113  6:34  Extractor  
  113  6:38  Zerg Ground Armor Level 1, Zerg Melee Weapons Level 1  
  113  6:39  Queen  
  112  6:40  Queen  
  112  6:43  Zergling x2  
  112  6:44  Zergling x4  
  112  6:45  Drone x2  
  119  6:48  Spore Crawler  
  119  6:49  Drone  
  119  6:50  Drone  
  120  6:57  Drone x2  
  120  6:59  Drone  
  120  7:00  Overlord  
  120  7:01  Overlord x3  
  121  7:12  Infestor x3  
  126  7:16  Queen  
  126  7:18  Queen  
  126  7:22  Zergling x24  
  142  7:24  Drone  
  142  7:27  Centrifugal Hooks  
  142  7:29  Zerg Missile Weapons Level 2  
  143  7:34  Adrenal Glands  
  143  7:38  Ultralisk Cavern  
  142  7:45  Hatchery  
  141  7:51  Zergling x18  
  141  7:57  Drone x2  
  149  8:00  Infestor x5  
  158  8:09  Overlord x5  
  158  8:16  Baneling x3  
  158  8:17  Baneling x4  
  158  8:18  Baneling x4  
  157  8:33  Ultralisk x2  
  168  8:35  Zergling x20  
  168  8:37  Chitinous Plating  
  179  8:41  Drone x4  
  179  8:43  Drone  
  179  8:48  Zerg Ground Armor Level 2  
  183  8:54  Zergling x6  
  183  8:55  Zergling x10  
  191  8:56  Baneling x6  
  191  8:59  Baneling x5  
  191  9:04  Zergling x12  
  191  9:06  Baneling x4  
  191  9:08  Spore Crawler  
  194  9:10  Spore Crawler  
  194  9:11  Spore Crawler  
  185  9:26  Ultralisk x2  
  185  9:27  Zergling x10  
  185  9:29  Zergling x8  
  195  9:36  Zerg Melee Weapons Level 2  
  193  9:39  Baneling x5  
  193  9:57  Zerg Missile Weapons Level 3  
  193  9:58  Anabolic Synthesis  
  192  10:03  Hatchery  
  191  10:07  Ultralisk  
  191  10:09  Baneling  
  191  10:12  Baneling x5  
  191  10:13  Baneling x2  
  197  10:16  Drone x2  
  193  10:33  Viper x2  
  194  10:39  Drone x6  
  194  10:41  Extractor  
  198  10:42  Extractor  
  198  10:46  Spore Crawler  
  198  10:47  Spore Crawler x2, Baneling x6  
  193  10:55  Viper  
  193  10:56  Hatchery  
  195  11:01  Neural Parasite  
  181  11:23  Spore Crawler x2  
  178  11:26  Baneling x14  
  178  11:30  Lair  
  178  11:31  Burrow  
  178  11:32  Pneumatized Carapace  
  177  11:46  Ultralisk  
  189  11:54  Hatchery  
  182  12:01  Zergling x48  
  180  12:06  Baneling x3  
  199  12:28  Extractor  
  193  12:37  Baneling x12  
  193  12:38  Zergling x14  
  197  13:02  Zergling x6  
  200  13:16  Hive  
  200  13:17  Spire  
  199  13:23  Baneling x2  
  199  13:25  Baneling x6  
  199  13:31  Baneling x10  
  199  13:38  Spire  
  198  13:46  Hatchery  
  197  13:53  Zergling x8  
  199  14:00  Zergling x2  
  198  14:07  Overlord  
  194  14:14  Overlord x4  
  194  14:15  Overlord, Zergling x2  
  185  14:26  Overlord x2  
  181  14:33  Zergling x12  
  181  14:34  Zergling x26  
  181  14:37  Zerg Melee Weapons Level 3  
  181  14:38  Zerg Ground Armor Level 3  
  189  14:53  Zergling x18  
  189  14:59  Baneling x8  
  188  15:00  Baneling x22  
  188  15:01  Zergling x8  
  190  15:10  Zergling x16  
  190  15:12  Baneling x18  
  191  15:20  Ultralisk  
  191  15:21  Ultralisk x2  
  186  15:24  Drone  
  187  15:30  Drone x3  
  187  15:32  Queen x3  
  179  15:46  Zergling x2, Ultralisk x5  
  183  15:57  Ultralisk x2  
  183  16:01  Zergling x6  
  198  16:06  Zergling x2  
  199  16:23  Baneling x5  
  199  16:24  Baneling x2  
  199  16:25  Hatchery  
  198  16:27  Zergling x4  
  200  16:34  Hatchery  
  194  16:48  Zergling x10  
  193  17:08  Ultralisk x2  
  194  17:12  Zergling x6  
  194  17:13  Queen x2  
  189  17:24  Infestor x6  
  189  17:29  Infestor  
  193  17:33  Infestor  
  193  17:34  Infestor x7  
  185  17:38  Drone x3  
  185  17:41  Drone x2  
  172  17:48  Drone x2  
  172  17:49  Infestor  
  170  17:55  Viper  
  170  17:57  Infestor  
  175  17:59  Infestor  
  176  18:08  Infestor x3  
  182  18:16  Infestor x8  
  182  18:17  Infestor  
  178  18:23  Infestor x3  
  178  18:24  Infestor x3  
  190  18:37  Zergling x16  
  190  18:38  Zergling x4  
  200  18:43  Extractor x2  
  200  18:44  Zergling x4  
  200  18:45  Zergling x4  
  184  19:00  Zergling x16  
  184  19:01  Zergling x2  
  191  19:03  Zergling x2  
  191  19:06  Drone x2  
  191  19:08  Infestor x11  
  194  19:10  Spore Crawler  
  194  19:11  Spore Crawler  
  194  19:15  Infestor x7  
  192  19:18  Hatchery  
  191  19:29  Queen x2  
  195  19:35  Infestor x8  
  178  19:58  Zergling x14  
  188  20:02  Zergling x12  
Show
View Real Time Build Order
Export as new Build Order

ShoWTimE Protoss 

Build Orders: 1 Gate Expand, Oracle Opening, Carriers 

Get SALT Encoding   

  12  0:00  Probe  
  13  0:12  Probe  
  14  0:18  Pylon  
  14  0:24  Probe (Chrono Boost)  
  15  0:36  Probe (Chrono Boost)  
  15  0:39  Gateway  
  16  0:45  Probe (Chrono Boost)  
  16  0:49  Assimilator  
  17  0:51  Probe  
  18  1:03  Probe  
  19  1:15  Probe  
  20  1:26  Nexus  
  20  1:36  Cybernetics Core  
  20  1:39  Probe  
  21  1:45  Assimilator  
  21  1:52  Probe  
  22  1:55  Pylon  
  22  2:04  Probe (Chrono Boost)  
  23  2:13  Adept  
  26  2:16  Probe (Chrono Boost)  
  26  2:18  Stargate  
  26  2:23  Probe (Chrono Boost)  
  26  2:25  Warp Gate  
  27  2:32  Probe (Chrono Boost)  
  28  2:38  Probe (Chrono Boost)  
  28  2:43  Adept  
  32  2:47  Probe x2 (Chrono Boost)  
  33  2:52  Void Ray (Chrono Boost)  
  33  2:54  Probe x2  
  39  3:06  Probe x2  
  39  3:08  Pylon  
  41  3:18  Probe x2  
  41  3:19  Gateway  
  43  3:25  Oracle (Chrono Boost)  
  46  3:30  Probe x2  
  48  3:42  Probe  
  48  3:43  Probe  
  48  3:47  Pylon  
  50  3:52  Nexus  
  50  3:55  Probe x2  
  52  4:02  Assimilator  
  52  4:04  Assimilator  
  52  4:07  Probe x2  
  54  4:12  Stargate  
  54  4:19  Probe x2  
  54  4:20  Pylon  
  54  4:21  Protoss Air Weapons Level 1  
  56  4:28  Void Ray  
  56  4:30  Pylon  
  56  4:31  Probe x2  
  62  4:43  Probe (Chrono Boost)  
  62  4:44  Probe (Chrono Boost)  
  64  4:51  Robotics Facility  
  65  4:53  Void Ray  
  65  4:54  Probe (Chrono Boost)  
  65  4:55  Probe (Chrono Boost)  
  65  4:59  Probe (Chrono Boost)  
  70  5:00  Probe (Chrono Boost)  
  70  5:04  Pylon, Probe (Chrono Boost)  
  73  5:08  Void Ray  
  73  5:10  Probe (Chrono Boost)  
  73  5:11  Shield Battery  
  76  5:14  Probe (Chrono Boost)  
  76  5:15  Probe (Chrono Boost)  
  76  5:16  Probe (Chrono Boost)  
  76  5:17  Assimilator  
  76  5:19  Probe (Chrono Boost)  
  76  5:20  Assimilator  
  82  5:22  Probe  
  82  5:24  Probe  
  84  5:30  Fleet Beacon, Probe  
  84  5:34  Pylon, Probe  
  86  5:36  Probe  
  87  5:43  Robotics Bay, Probe  
  87  5:47  Probe  
  87  5:49  Forge  
  89  5:51  Gateway  
  89  5:53  Gateway  
  89  5:54  Probe  
  90  5:57  Observer  
  90  5:58  Pylon  
  90  6:03  Stargate  
  91  6:15  Carrier  
  91  6:17  Pylon  
  97  6:26  Nexus  
  97  6:28  Pylon  
  97  6:30  Carrier  
  97  6:32  Probe x2  
  105  6:33  Probe  
  106  6:41  Twilight Council  
  106  6:42  Photon Cannon  
  106  6:45  Photon Cannon, Probe x2  
  106  6:46  Probe  
  109  6:58  Carrier, Protoss Ground Weapons Level 1 (Chrono Boost)  
  109  7:00  Probe x3  
  118  7:05  Gateway  
  118  7:07  Gateway  
  118  7:08  Charge  
  118  7:13  Gateway  
  118  7:15  Disruptor (Chrono Boost)  
  118  7:16  Gateway  
  121  7:25  Gateway  
  121  7:27  Gateway  
  121  7:32  Gateway  
  121  7:36  Gateway  
  121  7:40  Void Ray x2 (Chrono Boost)  
  121  7:41  Templar Archives  
  121  7:49  Assimilator  
  121  7:50  Disruptor (Chrono Boost)  
  129  7:54  Assimilator  
  129  7:58  Void Ray (Chrono Boost)  
  132  7:59  Probe x2  
  132  8:00  Pylon, Probe  
  139  8:06  Pylon  
  139  8:08  Pylon  
  139  8:09  Pylon  
  139  8:15  Pylon  
  139  8:19  Warp Prism (Chrono Boost)  
  139  8:25  High Templar  
  139  8:26  High Templar  
  145  8:28  Sentry, Zealot  
  145  8:29  Zealot x4  
  145  8:31  Archon  
  157  8:39  Pylon  
  157  8:41  Zealot x3  
  157  8:42  Zealot  
  157  8:47  Pylon  
  165  8:53  Flux Vanes  
  165  9:02  High Templar x4  
  173  9:03  Zealot x7  
  173  9:04  Zealot  
  173  9:06  Archon x2  
  182  9:26  Zealot x5  
  182  9:27  Zealot x3  
  182  9:31  Immortal (Chrono Boost)  
  194  9:37  Robotics Facility  
  196  9:38  Robotics Facility, Protoss Ground Weapons Level 2 (Chrono Boost)  
  196  9:43  Photon Cannon  
  193  9:48  Photon Cannon  
  188  9:55  Photon Cannon  
  188  9:56  Shield Battery  
  188  9:58  Immortal (Chrono Boost)  
  192  10:05  Protoss Air Weapons Level 2 (Chrono Boost)  
  192  10:10  Nexus  
  192  10:12  Pylon  
  190  10:16  Pylon  
  190  10:17  Forge  
  184  10:33  Immortal (Chrono Boost)  
  166  10:39  Immortal (Chrono Boost)  
  166  10:42  Photon Cannon  
  174  10:43  Photon Cannon, Immortal (Chrono Boost)  
  174  10:46  Photon Cannon, Shield Battery  
  174  10:49  Photon Cannon  
  174  10:53  Photon Cannon  
  174  10:54  Carrier (Chrono Boost)  
  174  10:55  Pylon  
  174  10:57  Photon Cannon x2  
  172  11:02  Photon Cannon  
  172  11:04  High Templar x3, Disruptor  
  182  11:05  High Templar  
  182  11:06  Stalker  
  182  11:10  Zealot x2  
  187  11:14  Zealot x2  
  191  11:25  Zealot x2  
  191  11:26  Archon  
  191  11:27  Archon  
  195  11:33  Pylon  
  191  11:40  Warp Prism (Chrono Boost)  
  191  11:42  Immortal (Chrono Boost)  
  198  11:49  Stalker  
  198  11:52  Observer (Chrono Boost)  
  195  12:04  Photon Cannon  
  195  12:06  High Templar x2  
  195  12:07  Photon Cannon  
  199  12:09  Photon Cannon  
  199  12:10  Archon, Assimilator  
  199  12:11  Assimilator  
  199  12:12  Photon Cannon  
  199  12:20  Protoss Air Weapons Level 3 (Chrono Boost)  
  199  12:27  Protoss Ground Weapons Level 3 (Chrono Boost)  
  199  12:30  Protoss Shields Level 1 (Chrono Boost)  
  199  12:34  Observer  
  200  12:43  Gateway  
  200  12:44  Gateway  
  200  12:58  Oracle (Chrono Boost)  
  199  13:06  Stargate  
  199  13:07  Psionic Storm  
  199  13:12  High Templar  
  199  13:13  Stargate, High Templar  
  199  13:15  Pylon  
  196  13:48  Zealot x2  
  196  13:53  Zealot x2  
  198  14:14  Blink (Chrono Boost)  
  198  14:16  Nexus  
  198  14:17  Pylon  
  196  14:23  Probe x4  
  196  14:24  Stalker, Protoss Ground Armor Level 1 (Chrono Boost)  
  193  14:25  Zealot x2  
  195  14:33  Pylon x2  
  195  14:36  Probe x3  
  195  14:37  Probe  
  194  14:39  Zealot x3  
  194  14:42  Zealot x3  
  194  14:43  Probe  
  197  14:46  Protoss Shields Level 2 (Chrono Boost)  
  197  14:48  Probe  
  190  14:56  Observer  
  191  15:04  Probe x2  
  191  15:05  Probe, Zealot x5  
  200  15:08  Probe  
  200  15:10  Stalker  
  165  15:21  Immortal  
  165  15:22  Stalker  
  165  15:23  Stalker x5  
  165  15:26  Zealot x3  
  183  15:30  Probe  
  183  15:32  Zealot x2  
  183  15:33  Zealot  
  182  15:36  Observer  
  182  15:42  Archon, Observer  
  171  15:45  Immortal  
  171  15:49  Stalker x6  
  137  15:57  Carrier (Chrono Boost)  
  155  16:05  Carrier x2 (Chrono Boost)  
  155  16:07  Carrier (Chrono Boost)  
  155  16:08  Carrier (Chrono Boost)  
  143  16:12  Photon Cannon  
  143  16:14  Probe x6  
  149  16:20  High Templar x3  
  149  16:21  High Templar  
  157  16:26  Stalker  
  157  16:27  High Templar x6, Protoss Air Armor Level 1 (Chrono Boost)  
  157  16:31  Archon x3  
  171  16:36  Immortal (Chrono Boost)  
  173  16:41  Immortal (Chrono Boost)  
  173  16:46  High Templar  
  168  16:50  Probe x5  
  168  16:52  High Templar  
  169  17:01  Disruptor (Chrono Boost)  
  169  17:02  Carrier  
  140  17:16  High Templar x3  
  140  17:17  High Templar  
  140  17:20  Archon  
  140  17:22  Archon  
  122  17:34  Immortal  
  122  17:36  Zealot x3  
  117  17:40  Immortal  
  117  17:43  Observer x2  
  113  17:48  High Templar x2  
  116  17:52  Archon  
  95  18:22  Immortal  
  98  18:44  Observer  
  96  19:07  High Templar x3  
  102  19:11  Archon  
  102  19:23  Nexus  
  102  19:24  High Templar  
  104  19:35  Pylon  
  75  20:09  Zealot x2  

Tags
 
Add a new tag
Caveats
  • Supply blocks, unpowered buildings, or Contaminate may cause inaccurate times.
  • Supply counts are checked every 10 seconds.